 Dungeon Crawl Stone Soup version 0.17.1-3-g152610e (webtiles) character file.

98 kaze the Ruffian (level 4, -2/45 HPs)
             Began as a Troll Berserker on Feb 29, 2016.
             Was a Priest of Trog.
             Slain by an orc priest
             ... wielding a +0 hand axe
              (8 damage)
             ... on level 3 of the Dungeon.
             The game lasted 00:04:16 (1943 turns).

kaze the Ruffian (Troll Berserker)                  Turns: 1943, Time: 00:04:16

Health: -2/45      AC:  5    Str: 26      XL:     4   Next: 43%
Magic:  3/3        EV: 10    Int:  2 (3)  God:    Trog [***...]
Gold:   122        SH:  0    Dex:  9      Spells: 0 memorised, 3 levels left

rFire  . . .     SeeInvis .       - Unarmed
rCold  . . .     Clarity  .     a - +0 animal skin
rNeg   . . .     SustAt   .     (no shield)
rPois  .         Gourm    +     (helmet restricted)
rElec  .         Spirit   .     (no cloak)
rCorr  .         Warding  .     (gloves unavailable)
rMut   .         Stasis   .     (boots unavailable)
MR     .....                    (no amulet)
Stlth  +.........               (no ring)
                                (no ring)

@: exhausted, slowed, very slow, not resistant to hostile enchantments, very
unstealthy
A: unfitting armour, claws 3, fast metabolism 3, gourmand, regeneration 2,
shaggy fur 1, tough skin 2
a: Berserk, Trog's Hand, Burn Spellbooks, Renounce Religion


You were on level 3 of the Dungeon.
You worshipped Trog.
Trog was most pleased with you.
You were not hungry.

You visited 1 branch of the dungeon, and saw 3 of its levels.

You collected 122 gold pieces.

Inventory:

Missiles
 c - 114 stones (quivered)
Armour
 a - a +0 animal skin (worn)
Jewellery
 b - an uncursed ring of positive energy {unknown}
Scrolls
 e - a scroll of amnesia {unknown}
 i - a scroll of random uselessness {unknown}
 j - a scroll of identify {unknown}
 k - a scroll of enchant weapon {unknown}
Potions
 d - 2 potions of lignification
 g - a potion of resistance
 h - a potion of agility {unknown}
Comestibles
 f - a bread ration


   Skills:
 + Level 3.1 Fighting
 + Level 0.6 Throwing
 + Level 2.9 Dodging
 + Level 4.0 Unarmed Combat


You had 3 spell levels left.
You didn't know any spells.

Dungeon Overview and Level Annotations

Branches:
Dungeon (3/15)

Altars:


Innate Abilities, Weirdness & Mutations

You are too large for most types of armour.
You have claws for hands.
Your metabolism is lightning-fast.
You like to eat raw meat.
You heal very quickly.
You are covered in fur (AC +1).
You have very tough skin (AC +2).


Message History

You feel yourself slow down.
Found 8 gold pieces and a hand axe.
The orc priest mumbles some strange prayers to Beogh against you.
Something smites you!
* * * LOW HITPOINT WARNING * * *
You barely miss the orc. The orc closely misses you.
You scratch the orc.
The orc is moderately wounded.
The orc hits you with a hand axe.
* * * LOW HITPOINT WARNING * * *
You claw the orc!
You kill the orc!
Trog accepts your kill.
The orc priest hits you but does no damage.
You closely miss the orc priest.
The orc priest hits you with a hand axe.
* * * LOW HITPOINT WARNING * * *
You closely miss the orc priest.
The orc priest hits you with a hand axe!
You die...

)# .# $# .. #####
.# #### .....
.#.....
#....#######.....#
##....#.†.oo@...#
.......(..g####.#
#.....#<#.....#
#.###.#.#..##.# #
###...# .. ..#.#
.. ####.# # .#


You could see an orc priest, an orc and a goblin.

Vanquished Creatures
  4 adders (D:2)
  2 oozes (D:1)
  A worm (D:2)
  2 giant geckos
  2 orcs (D:3)
  2 goblins (D:2)
  8 hobgoblins
  A jackal (D:2)
  6 kobolds
  5 quokkas
  A ball python (D:2)
  5 bats
  3 giant cockroaches
  6 giant newts
  6 rats
54 creatures vanquished.

Notes
Turn   | Place    | Note
--------------------------------------------------------------
     0 | D:1      | kaze the Troll Berserker began the quest for the Orb.
     0 | D:1      | Reached XP level 1. HP: 22/22 MP: 0/0
   483 | D:1      | Reached XP level 2. HP: 29/29 MP: 1/1
  1122 | D:2      | Reached XP level 3. HP: 24/36 MP: 2/2
  1231 | D:2      | Reached ** piety under Trog
  1359 | D:2      | Reached XP level 4. HP: 36/45 MP: 3/3
  1518 | D:2      | Reached skill level 4 in Unarmed Combat
  1924 | D:3      | Reached *** piety under Trog
  1943 | D:3      | Slain by an orc priest

Action                   |  1- 3 |  4- 6 || total
-------------------------+-------+-------++-------
Melee: Unarmed           |    64 |    62 ||   126
Throw: Stone             |    24 |       ||    24
Invok: Berserk           |       |     1 ||     1
  Use: Potion            |     1 |     3 ||     4
 Stab: Sleeping          |       |     1 ||     1
  Eat: Chunk             |     6 |     2 ||     8
       Bread ration      |     2 |       ||     2
